 Dungeon Crawl Stone Soup version 0.28.0-53-g5a82cb258f (webtiles) character file.

Game seed: 13443480448596857824

1215 DemonSlayer the Firebug (level 8, -1/81 HPs)
             Began as a Demonspawn Fire Elementalist on Aug 8, 2022.
             Was a Follower of Cheibriados.
             Slain by a vampire mosquito (4 damage)
             ... on level 7 of the Dungeon.
             The game lasted 00:15:59 (8956 turns).

DemonSlayer the Firebug (DsFE)                      Turns: 8956, Time: 00:16:01

Health: -1/81      AC: 24    Str: 17    XL:     8   Next: 22%
Magic:  5/16       EV:  2    Int: 20    God:    Cheibriados [*.....]
Gold:   245        SH:  0    Dex: 24    Spells: 2/18 levels left

rFire   . . .      SeeInvis .   p - +2 war axe (flame)
rCold   . . .      Faith    .   (no shield)
rNeg    . . .      Spirit   .   (armour currently unavailable)
rPois   +          Reflect  .   (helmet currently unavailable)
rElec   .          Harm     .   (cloak currently unavailable)
rCorr   .          Rampage  .   (gloves currently unavailable)
Will    .....      NoTele   +   (boots currently unavailable)
Stlth   +++.......              (no amulet)
HPRegen 0.23/turn               q - ring of Eternal Night {Str+6 Dex+8}
MPRegen 0.15/turn               s - ring of poison resistance

@: tree-form, very slow
A: stationary, stasis, torment immunity, boosted hp, (hooves 1), (yellow scales
1), powered by pain 1
a: Renounce Religion, Bend Time


You were on level 7 of the Dungeon.
You worshipped Cheibriados.
Cheibriados was aware of your devotion.
You were a tree.
You visited 2 branches of the dungeon, and saw 8 of its levels.

You collected 245 gold pieces.

Inventory:

Hand Weapons
 l - a +1 spear of freezing
 p - a +2 war axe of flaming (weapon)
Armour
 d - a +0 pair of gloves (melded)
 v - the +1 leather armour "Odwyg" (melded) {-Tele Regen+ Str+2 Dex+3}
   (You found it on level 7 of the Dungeon)

   Str:       It affects your strength (+2).
   Dex:       It affects your dexterity (+3).
   -Tele:     It prevents most forms of teleportation.
   Regen:     It increases your rate of health regeneration.
Jewellery
 q - the ring of Eternal Night (left branch) {Str+6 Dex+8}
   (You found it on level 6 of the Dungeon)

   [ring of strength]

   Str:       It affects your strength (+6).
   Dex:       It affects your dexterity (+8).
 s - a ring of poison resistance (right branch)
Wands
 h - a wand of digging (5)
 n - a wand of polymorph (12)
 o - a wand of iceblast (10)
 t - a wand of mindburst (7)
 u - a wand of charming (8)
Scrolls
 c - a scroll of enchant armour
 f - a scroll of teleportation
Potions
 a - a potion of attraction {unknown}
 b - 2 potions of haste {unknown}
 e - a potion of lignification
 g - a potion of cancellation
 i - 2 potions of brilliance
 j - a potion of berserk rage {unknown}
 r - a potion of might {unknown}


   Skills:
 + Level 1.2 Fighting
 + Level 1.0 Short Blades
 + Level 0.8 Polearms
 + Level 2.1 Armour
 + Level 2.3 Dodging
 + Level 2.6 Stealth
 + Level 5.6 Spellcasting
 + Level 2.2 Conjurations
 + Level 6.2 Fire Magic


You had 2 spell levels left.
You knew the following spells:

 Your Spells              Type           Power      Damage    Failure   Level
a - Foxfire               Conj/Fire      88%        2x1d8     1%          1
b - Scorch                Fire           60%        2d8       1%          2
c - Conjure Flame         Conj/Fire      22%        6-21      6%          3
d - Blink                 Tloc           10%        N/A       16%         2
e - Dispel Undead         Necr           5%         3d7       71%         4
f - Iskenderun's Mystic   Conj/Tloc      10%        2d4       56%         4

Your spell library contained the following spells:

 Spells                   Type           Power      Damage    Failure   Level
 Animate Skeleton         Necr           10%        N/A       11%         1
 Apportation              Tloc           10%        N/A       11%         1
 Summon Small Mammal      Summ           20%        N/A       11%         1
 Corpse Rot               Necr/Air       10%        N/A       16%         2
 Poisonous Vapours        Pois/Air       10%        N/A       16%         2
 Inner Flame              Hex/Fire       18%        N/A       9%          3
 Flame Wave               Conj/Fire      22%        2d7       19%         4
 Fulminant Prism          Conj/Hex       5%         3d7       56%         4
 Lee's Rapid Deconstruct  Erth           2%         3d6*      96%         5
 Manifold Assault         Tloc           5%         N/A       96%         5
 Death Channel            Necr           2%         N/A       100%        6
 Storm Form               Tmut/Air       2%         N/A       100%        7


Dungeon Overview and Level Annotations

Branches:
Dungeon (7/15)             Temple (1/1) D:6

Altars:
Cheibriados
Dithmenos
Elyvilon
Fedhas
Gozag
Hepliaklqana
Kikubaaqudgha
Makhleb
Okawaru
Qazlal
Ru
Sif Muna
Trog
Uskayaw
Vehumet
Wu Jian
Xom
Zin
The Shining One

Shops:
D:3 *

Annotations:
D:1 Terence
D:5 1 runed translucent door, lotum's ghost, novice DsWr


Innate Abilities, Weirdness & Mutations

You are a tree.
Your roots penetrate the ground, keeping you stationary.
You cannot be teleported.
You are immune to unholy pain and torment.
Your maximum health is greatly increased.
Your equipment is partially melded.
((You have large cloven feet.))
((You are partially covered in yellow scales. (AC +2)))
You sometimes gain a little power by taking damage.


Message History

Your punch misses the vampire mosquito.
The vampire mosquito is heavily damaged.
You closely miss the vampire mosquito.
You completely miss the vampire mosquito.
You closely miss the vampire mosquito.
The vampire mosquito is no longer more vulnerable to fire.
The vampire mosquito closely misses you. x2
The vampire mosquito barely misses you. The vampire mosquito bites you!
* * * LOW HITPOINT WARNING * * *
The vampire mosquito draws strength from your injuries!
The vampire mosquito bites you but does no damage. x2
The vampire mosquito bites you.
* * * LOW HITPOINT WARNING * * *
The vampire mosquito draws strength from your injuries!
The vampire mosquito barely misses you. The vampire mosquito bites you.
* * * LOW HITPOINT WARNING * * *
The vampire mosquito draws strength from your injuries!
The vampire mosquito bites you but does no damage.
The vampire mosquito bites you.
* * * LOW HITPOINT WARNING * * *
The vampire mosquito draws strength from your injuries!
Unknown command.
Unknown command.
Unknown command.
Unknown command.
Unknown command.
Unknown command.
It was a potion of lignification.
You turn into a tree.
Your +0 pair of gloves melds into your body.
The +1 leather armour "Odwyg" {-Tele Regen+ Str+2 Dex+3} melds into your body.
Your roots penetrate the ground.
The vampire mosquito bites you but does no damage.
The vampire mosquito bites you.
* * * LOW HITPOINT WARNING * * *
The vampire mosquito draws strength from your injuries!
The vampire mosquito bites you but does no damage. x3
The vampire mosquito barely misses you.
The vampire mosquito bites you but does no damage.
The vampire mosquito bites you.
You die...

########.#
#.#########
#..........
##.########
#########.#
#.?.......#
######.........#
##....yy.#####..#
......y♣...#...[#
.....!y#........#
.......#...#....#
....#.###.#.....#
...#.. #........#
.. ... #..#.....#
. .#. .......###
#### ...#....#
... ######


You could see 4 vampire mosquitoes.

Vanquished Creatures
  A water moccasin (D:6)
  A black bear (D:4)
  A necrophage (D:6)
  A centaur (D:6)
  A phantom (D:6)
  2 bullfrogs (D:7)
  A howler monkey (D:6)
  2 orc priests
  4 hounds
  A bullfrog skeleton (D:6)
  3 iguanas
  2 orc wizards
  A killer bee zombie (D:5)
  8 gnolls
  5 adders
  A shadow imp (D:6)
  An ufetubus (D:6)
  An adder skeleton (D:5)
  3 worms
  3 dart slugs
  10 orcs
  9 endoplasms
  6 giant cockroaches
  7 goblins
  4 hobgoblins
  7 jackals
  7 quokkas
  6 ball pythons
  7 bats
  4 frilled lizards
  9 kobolds
  6 rats
125 creatures vanquished.

Vanquished Creatures (others)
  223 foxfires
223 creatures vanquished.

Grand Total: 348 creatures vanquished

Notes
Turn   | Place    | Note
-------+----------+-------------------------------------------
     0 | D:1      | DemonSlayer the Demonspawn Fire Elementalist began the
                  | quest for the Orb.
     0 | D:1      | Reached XP level 1. HP: 13/13 MP: 3/3
   376 | D:1      | Gained mutation: You sometimes gain a little power by
                  | taking damage. [demonic ancestry]
   376 | D:1      | Reached XP level 2. HP: 19/19 MP: 1/5
   382 | D:1      | Reached skill level 3 in Fire Magic
   461 | D:1      | Learned a level 2 spell: Scorch
  1419 | D:1      | Reached XP level 3. HP: 24/24 MP: 1/6
  1882 | D:1      | Found a faded altar of an unknown god.
  1932 | D:1      | Learned a level 3 spell: Conjure Flame
  2410 | D:2      | Noticed Terence
  3039 | D:2      | Reached XP level 4. HP: 29/31 MP: 0/7
  3532 | D:3      | Found Zin's Purification Station.
  3567 | D:3      | Reached skill level 4 in Fire Magic
  3633 | D:4      | Found a blossoming altar of Fedhas.
  3847 | D:4      | Reached XP level 5. HP: 21/36 MP: 1/9
  4285 | D:4      | Reached skill level 1 in Armour
  4681 | D:4      | Gained mutation: You have large cloven feet. [demonic
                  | ancestry]
  4681 | D:4      | Reached XP level 6. HP: 34/42 MP: 3/10
  4954 | D:4      | Reached skill level 1 in Fighting
  5013 | D:4      | Learned a level 2 spell: Blink
  5018 | D:4      | Learned a level 4 spell: Dispel Undead
  6254 | D:5      | Entered Level 5 of the Dungeon
  6258 | D:5      | Reached skill level 1 in Short Blades
  6324 | D:5      | Found a runed translucent door.
  6330 | D:5      | Noticed lotum's ghost (novice DsWr)
  6455 | D:5      | Reached XP level 7. HP: 39/48 MP: 13/13
  6582 | D:5      | Reached skill level 5 in Fire Magic
  6919 | D:5      | Found a hazy altar of Hepliaklqana.
  7520 | D:6      | Found a staircase to the Ecumenical Temple.
  7530 | Temple   | Entered the Ecumenical Temple
  7656 | Temple   | Became a worshipper of Cheibriados the Contemplative
  7706 | D:6      | Found a sacrificial altar of Ru.
  7785 | D:6      | Reached skill level 5 in Spellcasting
  7931 | D:6      | Identified the ring of Eternal Night {Str+6 Dex+8}
  7975 | D:6      | Gained mutation: You are partially covered in yellow
                  | scales. (AC +2) [demonic ancestry]
  7975 | D:6      | Reached XP level 8. HP: 45/54 MP: 5/15
  8315 | D:6      | Reached skill level 6 in Fire Magic
  8722 | D:6      | Learned a level 4 spell: Iskenderun's Mystic Blast
  8887 | D:7      | Identified the +1 leather armour "Odwyg" {-Tele Regen+
                  | Str+2 Dex+3}
  8953 | D:7      | Reached * piety under Cheibriados
  8956 | D:7      | HP: 3/81 [vampire mosquito (3)]
  8956 | D:7      | Slain by a vampire mosquito

Illustrated notes

Levels and vault maps discovered:
D:1:      erik_arrival_blinker_ship, layout_loops_corners,
          basic_ecumenical_altar
D:2:      layout_rooms, eino_curves_04, kennysheep_generic_room_13, uniq_terence
D:3:      layout_loops_ring, zin_purify, minmay_diced_spiral
D:4:      layout_rooms, fedhas_ov_isle_minmay
D:5:      layout_loops_ring, mainiacjoe_overflow_boulevard,
          ebering_ghost_reflecting_pool
D:6:      layout_basic, nicolae_ru_sacrificial_ziggurat,
          minmay_temple_entry_gardened_gates, gup_sewer_entry_spiral
D:7:      layout_basic, hangedman_decor_lopped
Temple:   eino_temple_scatter_basement

Skill      XL: |  1  2  3  4  5  6  7  8 |
---------------+-------------------------+-----
Fire Magic     | 3 4 5 6 |  6.2
Stealth        | 2 |  2.6
Spellcasting   | 3 4 5 |  5.6
Armour         | 1 2 |  2.1
Dodging        | 2 |  2.3
Conjurations   | 2 |  2.2
Fighting       | 1 |  1.2
Short Blades   | 1 |  1.0
Polearms       | |  0.8

Action                   |  1- 3 |  4- 6 |  7- 9 || total
-------------------------+-------+-------+-------++-------
Melee: Short sword       |    29 |    73 |       ||   102
       Spear             |       |    14 |    10 ||    24
       Kick              |       |    14 |     2 ||    16
       Punch             |       |     1 |       ||     1
       War axe           |       |       |     7 ||     7
 Cast: Foxfire           |    97 |    38 |       ||   135
       Scorch            |    20 |    41 |    53 ||   114
  Use: Scroll            |     6 |     4 |       ||    10
       Potion            |     1 |     1 |     2 ||     4
 Stab: Distracted        |       |     1 |     1 ||     2
Armor: Robe              |     9 |       |       ||     9
       Leather armour    |       |    39 |    23 ||    62
       Skin              |       |       |     5 ||     5
Dodge: Dodged            |    35 |    56 |    42 ||   133
